 Dungeon Crawl Stone Soup version 0.30-a0-989-g0d87f670db (webtiles) character file.

Game seed: 14284383211911333258

1674 GloriousHammer the Grappler (level 8, 0/76 (80) HPs)
             Began as a Troll Fighter on Apr 3, 2023.
             Slain by a wight
             ... wielding a +3 battleaxe
              (10 damage)
             ... on level 7 of the Dungeon.
             The game lasted 00:09:35 (4832 turns).

GloriousHammer the Grappler (Troll Fighter)         Turns: 4832, Time: 00:09:35

HP:   0/76 (80)     AC: 10    Str: 25    XL:     8   Next: 70%
MP:   7/7           EV:  8    Int:  6    God:
Gold: 58            SH:  8    Dex:  9    Spells: 7/7 levels left

rFire   . . .      SeeInvis .      - Unarmed
rCold   . . .      Faith    .    b - +0 kite shield
rNeg    . . .      Spirit   .    g - +2 acid dragon scales
rPois   .          Reflect  .    (helmet restricted)
rElec   .          Rampage  .    (no cloak)
rCorr   +                        (gloves unavailable)
Will    .....                    (boots unavailable)
Stlth   +                        y - amulet of regeneration
HPRegen 1.92/turn                (no ring)
MPRegen 0.10/turn                (no ring)

@: mighty, studying Stealth, drained
A: large, unfitting armour, claws 3, regeneration 1, shaggy fur 1, tough skin 1
a: no special abilities


You were on level 7 of the Dungeon.
You visited 2 branches of the dungeon, and saw 8 of its levels.
You also visited: Ossuary.

You collected 318 gold pieces.
You spent 260 gold pieces at shops.

Inventory:

Armour
 b - a +0 kite shield (worn)
 g - +2 acid dragon scales (worn)
Jewellery
 y - an amulet of regeneration (around neck)
Wands
 q - a wand of flame (8)
 t - a wand of polymorph (4)
Scrolls
 a - a scroll of fog
 d - 2 scrolls of vulnerability
 f - 2 scrolls of magic mapping
 h - a scroll of acquirement {unknown}
 j - a scroll of noise {unknown}
 l - a scroll of fear {unknown}
 m - a scroll of butterflies {unknown}
 n - 5 scrolls of teleportation
 o - a scroll of torment {unknown}
 r - a scroll of enchant weapon {unknown}
 s - a scroll of silence {unknown}
Potions
 c - 2 potions of might
 i - 2 potions of brilliance
 k - a potion of invisibility {unknown}
 p - a potion of degeneration {unknown}
 u - 5 potions of mutation {unknown}
 v - 2 potions of heal wounds
 w - 2 potions of curing
 x - a potion of haste


   Skills:
 + Level 5.2 Fighting
 - Level 2.4 Dodging
 + Level 5.7 Shields
 * Level 8.1 Unarmed Combat


You had 7 spell levels left.
You didn't know any spells.
Your spell library contained the following spells:

 Spells                   Type           Power      Damage    Failure   Level
 Apportation              Tloc           0%         N/A       80%         1
 Necrotise                Necr           0%         1d4       80%         1
 Summon Small Mammal      Summ           0%         N/A       80%         1
 Hailstorm                Conj/Ice       0%         3d3       99%         3
 Ice Form                 Ice/Tmut       0%         N/A       100%        4
 Simulacrum               Ice/Necr       0%         N/A       100%        6


Dungeon Overview and Level Annotations

Branches:
Dungeon (7/15)             Temple (1/1) D:6         Ossuary (visited)

Altars:
Ashenzari
Cheibriados
Dithmenos
Fedhas
Hepliaklqana
Kikubaaqudgha
Makhleb
Nemelex Xobeh
Okawaru
Qazlal
Trog
Vehumet
Xom
Yredelemnul
The Shining One

Shops:
D:6 !

Annotations:
D:5 3 runed translucent doors, grumposus's ghost, novice OpTm
D:7 Joseph


Innate Abilities, Weirdness & Mutations

You are too large for most types of armour.
You have claws for hands.
Your natural rate of healing is unusually fast.
You are covered in fur. (AC +1)
You have tough skin. (AC +1)


Message History

Done waiting.
(D) Dungeon (T) Temple
Where to? (Enter - D:6 @ (x,y), ? - help)
There is an escape hatch in the ceiling here.
There is a stone staircase leading down here.
You climb downwards.
Found 25 gold pieces and a leather armour.
There is a stone staircase leading up here.
You now have 58 gold pieces (gained 25).
Found a stone staircase leading down.
You see here a +0 leather armour.
A wight comes into view. It is wielding a +0 short sword.
A wight is nearby!
A steam dragon comes into view.
The steam dragon hisses angrily.
A wight comes into view.
It is wielding a +5 war axe of freezing.
You mangle the wight!!
You destroy the wight!
You closely miss the steam dragon. You block the steam dragon's attack.
The steam dragon closely misses you.
A wight comes into view. It is wielding a +3 battleaxe.
You claw the steam dragon!
The steam dragon is heavily wounded.
The steam dragon breathes steam at you. The ball of steam hits you!
You hear a shout!
You closely miss the steam dragon.
The steam dragon is heavily wounded.
You are engulfed in a cloud of scalding steam.
The steam dragon closely misses you.
The steam dragon claws you but does no damage.
You closely miss the steam dragon.
The steam dragon is heavily wounded.
You are engulfed in a cloud of scalding steam.
The steam dragon bites you but does no damage.
The steam dragon claws you.
You scratch the steam dragon.
The steam dragon is heavily wounded.
You are engulfed in a cloud of scalding steam.
The steam dragon bites you but does no damage.
The steam dragon barely misses you.
You scratch the steam dragon but do no damage.
The steam dragon is heavily wounded.
You are engulfed in a cloud of scalding steam.
You barely miss the steam dragon.
The steam dragon is heavily wounded.
Joseph, a Mercenary comes into view.
He is wielding a +1 quarterstaff of speed.
The steam dragon bites you but does no damage.
You block the steam dragon's attack.
You scratch the steam dragon but do no damage.
The steam dragon is heavily wounded.
The steam dragon breathes steam at you. The ball of steam hits you.
You block the steam dragon's attack. x2
Unknown command.
You claw the steam dragon!
You kill the steam dragon!
The steam dragon scales are intact enough to wear.
You are engulfed in a cloud of scalding steam.
Your Unarmed Combat skill increases to level 8!
You are engulfed in a cloud of scalding steam.
You are engulfed in a cloud of scalding steam.
The wight is engulfed in a cloud of scalding steam.
You barely miss the wight.
The wight is lightly damaged.
The wight hits you with a +5 war axe of freezing.
You feel drained. The wight freezes you.
You scratch the wight.
The wight is lightly damaged.
The wight barely misses you.
You scratch the wight but do no damage.
The wight is lightly damaged.
You block the wight's attack.
The wight hits you with a +5 war axe of freezing.
You feel drained. The wight freezes you.
You completely miss the wight.
The wight is lightly damaged.
The wight barely misses you. You block the wight's attack.
You scratch the wight.
The wight is moderately damaged.
The wight hits you with a +3 battleaxe!
The wight hits you with a +5 war axe of freezing.
You feel drained. The wight freezes you.
You feel very mighty all of a sudden. The wight hits you with a +3 battleaxe.
You block the wight's attack.
You claw the wight!
You destroy the wight!
Joseph says, "You will never get the ORB, sorry."
Joseph unwields a +1 quarterstaff of speed.
Joseph wields a +0 sling.
Joseph shoots a sling bullet.
The sling bullet hits you! The wight hits you with a +3 battleaxe!
You feel drained.
You claw the wight!
The wight is heavily damaged.
The wight barely misses you.
Joseph shoots a sling bullet.
The sling bullet hits you!!
* * * LOW HITPOINT WARNING * * *
You claw the wight!
The wight is almost destroyed.
The wight hits you with a +3 battleaxe!
You die...

#>..... #...... #......
#....## #########.##.#
##.....#....[.#
..##.#######.............##
......[.@z#...............#
..##.####)@...............#
###...............#
#..............<..#
###...............#
#...............#
...............##
.........#.....##
........######..# ##.. ..##


You could see Joseph and a wight.

Vanquished Creatures
  Sigmund (D:3)
  A steam dragon (D:7)
  2 ogres
  A phantom (D:6)
  2 scorpions (D:5)
  5 wights
  A crimson imp (D:6)
  2 jellies
  2 centaur zombies (Ossuary)
  2 orc priests
  2 hounds (D:4)
  An iguana (D:5)
  A sleepcap (D:4)
  5 orc wizards
  6 mummies (Ossuary)
  3 gnolls (D:5)
  9 adders
  2 shadow imps
  2 white imps (D:6)
  2 worms
  2 dart slugs
  17 orcs
  7 ball pythons
  6 bats
  9 endoplasms
  2 giant cockroaches (D:2)
  4 goblins
  11 hobgoblins
  4 quokkas
  14 frilled lizards
  7 hobgoblin zombies (Ossuary)
  5 kobolds
  5 rats
145 creatures vanquished.

Vanquished Creatures (others)
  5 plants
5 creatures vanquished.

Grand Total: 150 creatures vanquished

Notes
Turn   | Place    | Note
-------+----------+-------------------------------------------
     0 | D:1      | GloriousHammer the Troll Fighter began the quest for the
                  | Orb.
     0 | D:1      | Reached XP level 1. HP: 22/22 MP: 0/0
     3 | D:1      | Noticed an electric eel
     4 | D:1      | Noticed an electric eel
   345 | D:1      | Reached XP level 2. HP: 29/29 MP: 1/1
   576 | D:1      | Reached XP level 3. HP: 36/36 MP: 2/2
   888 | D:2      | Reached skill level 3 in Unarmed Combat
   951 | D:2      | Found a glowing golden altar of the Shining One.
  1325 | D:2      | Reached XP level 4. HP: 44/44 MP: 3/3
  1342 | D:2      | Found a faded altar of an unknown god.
  1417 | D:3      | Found a stormy altar of Qazlal.
  1438 | D:3      | Noticed Sigmund
  1455 | D:3      | Killed Sigmund
  1456 | D:3      | Reached skill level 4 in Unarmed Combat
  1456 | D:3      | Reached XP level 5. HP: 36/53 MP: 4/4
  1833 | D:3      | Found a snail-covered altar of Cheibriados.
  1833 | D:3      | Found a sparkling altar of Nemelex Xobeh.
  2040 | D:4      | Reached XP level 6. HP: 53/61 MP: 5/5
  2051 | D:4      | Reached skill level 5 in Unarmed Combat
  2831 | D:5      | Entered Level 5 of the Dungeon
  2943 | D:5      | Reached XP level 7. HP: 68/68 MP: 6/6
  3040 | D:5      | Found a runed translucent gate.
  3040 | D:5      | Found a runed translucent gate.
  3044 | D:5      | Found a runed translucent gate.
  3046 | D:5      | Noticed grumposus's ghost (novice OpTm)
  3063 | D:5      | Reached skill level 6 in Unarmed Combat
  3617 | D:6      | Found a staircase to the Ecumenical Temple.
  3690 | Temple   | Entered the Ecumenical Temple
  3778 | D:6      | Found a hazy altar of Hepliaklqana.
  3802 | D:6      | Reached skill level 5 in Shields
  3802 | D:6      | Reached XP level 8. HP: 68/79 MP: 7/7
  3813 | D:6      | Reached skill level 7 in Unarmed Combat
  3815 | D:6      | Found a sand-covered staircase.
  3822 | Ossuary  | Entered an ossuary
  4095 | D:6      | Found a shimmering altar of Xom.
  4095 | D:6      | Found a burning altar of Makhleb.
  4157 | D:6      | Found Vihuiz's Distillery.
  4160 | D:6      | Bought 2 potions of heal wounds for 100 gold pieces
  4160 | D:6      | Bought a potion of curing for 30 gold pieces
  4160 | D:6      | Bought a potion of haste for 100 gold pieces
  4381 | D:6      | Reached skill level 5 in Fighting
  4553 | D:6      | Bought a potion of curing for 30 gold pieces
  4816 | D:7      | Noticed Joseph
  4819 | D:7      | Reached skill level 8 in Unarmed Combat
  4832 | D:7      | Slain by a wight

Illustrated notes

Levels and vault maps discovered:
D:1:      arrival_aquarium_b, layout_basic, minmay_lizard_king
D:2:      layout_basic, basic_altar, dreamdust_ecumenical_altar_statues
D:3:      layout_rooms, nicolae_overflow_two_pavilions,
          nicolae_qazlal_scattered_showers, skrybe_limestone_x,
          serial_bayou_pond_a, hex_large, uniq_sigmund
D:4:      layout_basic, chequers_serial_rivers_micro_a, minmay_manual_monolith
D:5:      layout_loops_cross, gammafunk_ghost_necromancy, sigmund_army
D:6:      layout_loops_cross, grunt_temple_overflow_champion_of_chaos,
          nicolae_hepliaklqana_hazy_memory, minmay_temple_entry_mist,
          serial_shops, kennysheep_mini, chequers_ossuary_entry_cave,
          hangedman_decor_lopped, serial_bayou_pond_a
D:7:      minmay_flawed_box, layout_rooms,
          grunt_temple_overflow_gold_and_silver, uniq_joseph, uniq_menkaure,
          uniq_duvessa
Temple:   dpeg_three_leaves_temple

Skill      XL: |  1  2  3  4  5  6  7  8 |
---------------+-------------------------+-----
Shields        | 3 4 5 |  5.7
Unarmed Combat | 3 4 5 6 8 |  8.1
Fighting       | 3 4 5 |  5.2
Dodging        | |  2.4

Action                     |  1- 3 |  4- 6 |  7- 9 || total
---------------------------+-------+-------+-------++-------
  Melee: Unarmed           |   131 |   121 |   192 ||   444
    Use: Scroll            |       |       |     8 ||     8
         Potion            |       |       |     1 ||     1
 Armour: Robe              |     2 |       |       ||     2
         Acid dragon scale |    61 |    39 |    73 ||   173
  Dodge: Dodged            |    59 |    34 |    54 ||   147
  Block: Kite shield       |    53 |    34 |    59 ||   146

Table legend: (Time is in decaauts)
 A = Elapsed time spent in this place.
 B = Non-inter-level travel time spent in this place.
 C = Inter-level travel time spent in this place.
 D = Time resting spent in this place.
 E = Time spent auto-exploring this place.
 F = Levels seen in this place.
 G = Mean time per level.
                   A        B        C        D        E       F      G
               +--------+--------+--------+--------+--------+-----+--------+
         Total |   4846 |   4645 |    201 |    260 |   3163 |   9 |  538.4 |
       Dungeon |   4653 |   4452 |    201 |    243 |   3163 |   7 |  664.7 |
        Temple |     69 |     69 |      0 |      0 |      0 |   1 |   69.0 |
       Ossuary |    123 |    123 |      0 |     17 |      0 |   1 |  123.0 |
               +--------+--------+--------+--------+--------+-----+--------+

Top non-repeatable levels by time:
     D:6: 1019 daAuts
     D:1: 846 daAuts
     D:4: 839 daAuts
     D:5: 733 daAuts
     D:3: 595 daAuts
     D:2: 564 daAuts
 Ossuary: 123 daAuts
  Temple: 69 daAuts
     D:7: 55 daAuts
